 Dungeon Crawl Stone Soup version 0.31-a0-836-g3ceb0a68c4 (webtiles) character file.

Game seed: 6792008319378115950

35 avis the Changeling (level 3, 16/16 HPs)
             Began as a Felid Shapeshifter on Sept 26, 2023.
             Got out of the dungeon alive.
             The game lasted 00:04:33 (1208 turns).

avis the Changeling (Felid Shapeshifter)            Turns: 1208, Time: 00:04:34

Health: 16/16      AC:  1    Str: 12    XL:     3   Next: 17%
Magic:  4/4        EV: 17    Int: 11    God:
Gold:   30         SH:  0    Dex: 15    Spells: 2/2 levels left
                                        Lives:  0   Deaths: 1

rFire   . .          .
                       - Unarmed
rCold   . . .        (shield unavailable)
rNeg    . . .        (body armour unavailable)
rPois   .            (helmet unavailable)
rElec   .            (cloak unavailable)
rCorr   .            (gloves unavailable)
SInv    +            (boots unavailable)
Will    .....        (no amulet)
Stlth   +            (no ring)
HPRegen 0.22/turn    (no ring)
MPRegen 0.09/turn

%: no passive effects
@: beast-form, quick
A: beast (slay +2), very small, claws 1, fangs 3, see invisible, speed 1, shaggy
fur 1, stealthy paws, no weapons or thrown items, no armour, multi-lived
a: Begin Untransformation


You escaped.
You were a hulking beast.
You visited 1 branch of the dungeon, and saw 2 of its levels.

You collected 30 gold pieces.

Inventory:

Jewellery
 g - a ring of resist corrosion
Talismans
 b - a beast talisman (active)
 c - a flux talisman
Scrolls
 e - a scroll of identify {unknown}
 f - a scroll of fog {unknown}
 i - a scroll of poison {unknown}
Potions
 a - 3 potions of lignification
 d - a potion of degeneration {unknown}
 h - a potion of haste {unknown}


   Skills:
 - Level 2.0 Fighting
 - Level 3.0 Dodging
 - Level 3.0 Unarmed Combat
 * Level 4.0 Shapeshifting


You had 2 spell levels left.
You didn't know any spells.
Your spell library contained the following spells:

 Spells                   Type           Power      Damage    Failure   Level
 Cigotuvi's Dreadful Rot  Necr/Pois/Air  0%         N/A       47%         2
 Ignite Poison            Fire/Tmut/Pois 0%         N/A       71%         3
 Freezing Cloud           Conj/Ice/Air   0%         6-21      100%        5


Dungeon Overview and Level Annotations

Branches:
Dungeon (2/15)

Altars:


Innate Abilities, Weirdness & Mutations

You are a hulking beast.
Your limbs bulge with bestial killing power. (Slay +2)
You have sharp claws.
You have razor-sharp teeth.
You have supernaturally acute eyesight. (SInv)
You cover ground quickly. (Speed+)
You are covered in fur. (AC +1)
Your paws help you pounce on unaware monsters.
You are incapable of wielding weapons or throwing items.
You cannot wear armour.
You gain extra lives every three experience levels.


Message History

The bat closely misses you.
The kobold hits you with a +0 short sword.
The gnoll closely misses you. The kobold closely misses you.
There is a stone staircase leading up here.
You see here a +0 dagger.
The bat barely misses you. The kobold misses you.
You climb upwards.
There is a stone staircase leading down here.
You scratch the kobold.
You kill the kobold!
The bat misses you. The bat completely misses you.
You scratch the bat.
You kill the bat!
Things that are here:
a +0 short sword; a stone
There is a stone staircase leading down here.
You start resting.
HP restored.
You climb downwards.
The hobgoblin barely misses you. The gnoll barely misses you. x2
There is a stone staircase leading up here.
You see here a +0 dagger.
The hobgoblin hits you. The gnoll barely misses you. x2
The giant cockroach misses you.
You climb upwards.
There is a stone staircase leading down here.
You barely miss the hobgoblin. The hobgoblin closely misses you.
The gnoll completely misses you. The gnoll hits you with a +0 flail!
You scratch the hobgoblin but do no damage.
The hobgoblin hits you. The gnoll closely misses you.
The gnoll hits you with a +0 flail.
You die...
Your shape twists and changes as you die.
You rejoin the land of the living...
There is a fountain of clear blue water here.
There is an open door here.
There is a staircase leading out of the dungeon here.
You have escaped!

#.....##...# #..#
#.....##...# #..#
#.....##...# #..#
###.....###### #..#
##...##### #..# #..### #..#
#####..######## #..#
#..##..##.....# #..#
#..##...'..h..# #..#
#..##..##.....# #..#
#..'...######## #..#
#..##..############ #..#
#..##.............###..#
######).##.⌠.........#......#
.#..######...#########.###.##
....######...# #.# #.#
##..#.....#.## ##+###)#


There were no monsters in sight!

Vanquished Creatures
  A dart slug (D:1)
  2 ball pythons (D:1)
  2 endoplasms (D:1)
  5 hobgoblins (D:1)
  4 jackals (D:1)
  4 kobolds
  2 quokkas (D:1)
  3 bats
  2 frilled lizards (D:1)
  8 rats (D:1)
33 creatures vanquished.

Notes
Turn   | Place    | Note
-------+----------+-------------------------------------------
     0 | D:1      | avis the Felid Shapeshifter began the quest for the Orb.
     0 | D:1      | Reached XP level 1. HP: 9/9 MP: 2/2
   286 | D:1      | Reached XP level 2. HP: 13/13 MP: 3/3
   778 | D:1      | Reached XP level 3. HP: 14/16 MP: 4/4
   975 | D:1      | Reached skill level 4 in Shapeshifting
  1178 | D:1      | Slain by a gnoll
  1208 | D:$      | Got out of the dungeon alive.

Illustrated notes

Levels and vault maps discovered:
D:1:      dpeg_arrival_rooms_a, layout_basic
D:2:      layout_rooms, uniq_robin, uniq_terence

Skill      XL: |  1  2  3 |
---------------+----------+-----
Fighting       | 2 |  2.0
Dodging        | 3 |  3.0
Shapeshifting  | 4 |  4.0
Unarmed Combat | |  3.0

Action                     || total
---------------------------++-------
  Melee: Unarmed           ||    70
         Bite              ||     5
         Punch             ||     2
   Stab: Sleeping          ||     1
 Armour: Skin              ||    22
  Dodge: Dodged            ||    55

Table legend: (Time is in decaauts)
 A = Elapsed time spent in this place.
 B = Non-inter-level travel time spent in this place.
 C = Inter-level travel time spent in this place.
 D = Time resting spent in this place.
 E = Time spent auto-exploring this place.
 F = Levels seen in this place.
 G = Mean time per level.
                   A        B        C        D        E       F      G
               +--------+--------+--------+--------+--------+-----+--------+
         Total |    996 |    908 |     88 |     52 |    660 |   2 |  498.0 |
       Dungeon |    996 |    908 |     88 |     52 |    660 |   2 |  498.0 |
               +--------+--------+--------+--------+--------+-----+--------+

Top non-repeatable levels by time:
     D:1: 981 daAuts
     D:2: 14 daAuts
